Map: [ESL] Radhuset Station

Players

HeroMarine

  • Race: Terran Terran
  • Spawn Location: 1:00

Solar - Winner!

  • Race: Zerg Zerg
  • Spawn Location: 7:00

Event: ESL SC2 Masters 2023 Winter (Finals)

VOD

Have the link to the VOD?

Description

Time

  • Played on: Dec. 16, 2023, 12:11 p.m.
  • Length: 6:20

All games in this series

Show
View Real Time Build Order
Export as new Build Order

HeroMarine Terran 

Build Orders: Command Center First 

Get SALT Encoding   

  12  0:00  SCV  
  13  0:12  SCV  
  14  0:17  Supply Depot  
  14  0:24  SCV  
  15  0:39  SCV  
  16  0:51  SCV  
  17  0:59  Command Center  
  17  1:03  SCV  
  18  1:13  Barracks  
  18  1:16  SCV  
  19  1:23  Refinery  
  19  1:28  SCV  
  19  1:30  Refinery  
  20  1:40  SCV  
  21  1:52  SCV  
  22  2:00  Marine  
  23  2:04  Orbital Command  
  23  2:08  Factory  
  23  2:15  Orbital Command  
  23  2:19  Marine  
  24  2:30  SCV  
  25  2:37  Marine  
  25  2:42  SCV x2  
  28  2:54  SCV x2, Starport  
  30  3:04  Command Center  
  30  3:06  SCV x2  
  32  3:14  Starport  
  32  3:18  Hellion  
  32  3:19  SCV  
  35  3:20  SCV  
  36  3:27  Supply Depot  
  36  3:31  SCV  
  36  3:32  Starport Tech Lab, Hyperflight Rotors  
  36  3:33  SCV  
  38  3:39  Refinery  
  38  3:46  Refinery  
  38  3:47  Factory Tech Lab  
  38  3:49  SCV x2  
  38  3:51  Supply Depot  
  40  4:01  SCV x2  
  40  4:02  Banshee  
  45  4:12  Banshee  
  45  4:13  SCV x2  
  45  4:16  Cloaking Field  
  50  4:19  Orbital Command  
  50  4:22  Barracks Reactor  
  50  4:27  SCV  
  50  4:29  Cyclone  
  50  4:30  SCV  
  54  4:32  Marine  
  54  4:43  SCV x2  
  54  4:44  Banshee  
  54  4:55  Banshee  
  54  4:58  Marine  
  55  5:09  Supply Depot  
  55  5:10  Supply Depot  
  52  5:16  Marine  
  52  5:22  SCV  
  52  5:27  SCV  
  52  5:28  SCV  
  53  5:30  Banshee  
  53  5:34  SCV  
  50  5:39  SCV  
  50  5:41  SCV  
  52  5:46  SCV  
  50  5:56  SCV x2  
  46  5:58  SCV  
  47  6:08  SCV  
Show
View Real Time Build Order
Export as new Build Order

Solar Zerg - Winner!

Build Orders: Hatch First, Roach Nydus 

Get SALT Encoding   

  12  0:00  Drone  
  13  0:12  Overlord  
  13  0:17  Drone  
  14  0:31  Drone x2  
  16  0:49  Hatchery  
  15  0:52  Drone  
  15  0:55  Drone  
  17  0:58  Drone  
  18  1:09  Extractor  
  17  1:14  Spawning Pool  
  17  1:17  Drone  
  17  1:20  Drone  
  18  1:27  Drone  
  19  1:38  Drone  
  20  1:49  Drone  
  21  2:00  Overlord  
  21  2:01  Queen x2  
  21  2:02  Zergling x2  
  26  2:11  Zergling x2  
  26  2:12  Drone  
  28  2:23  Drone x2  
  30  2:33  Overlord  
  30  2:34  Drone  
  31  2:37  Queen  
  31  2:39  Lair  
  31  2:42  Extractor  
  31  2:43  Drone  
  33  2:46  Drone  
  34  2:54  Drone x2  
  36  3:09  Drone x3  
  36  3:10  Roach Warren  
  36  3:11  Drone  
  39  3:14  Drone  
  39  3:17  Overlord  
  40  3:20  Overlord  
  39  3:37  Nydus Network  
  38  3:50  Roach x3  
  38  3:51  Roach x4  
  38  3:55  Roach  
  54  3:58  Roach  
  54  4:01  Overlord  
  56  4:09  Roach  
  58  4:13  Nydus Canal  
  58  4:19  Overlord  
  58  4:21  Roach  
  58  4:22  Queen  
  58  4:24  Roach  
  64  4:36  Roach  
  66  4:42  Nydus Canal  
  66  4:43  Roach  
  68  4:46  Overlord  
  68  4:49  Overseer  
  66  4:54  Queen  
  66  4:59  Roach  
  70  5:00  Queen  
  70  5:03  Roach x2  
  70  5:07  Overlord  
  70  5:16  Roach  
  70  5:20  Overlord  
  70  5:30  Queen  
  70  5:32  Drone x2  
  70  5:36  Queen  
  70  5:37  Spore Crawler  
  70  5:38  Spore Crawler  
  70  5:42  Roach  
  68  5:44  Roach  
  68  5:48  Roach  
  70  5:52  Roach  
  70  5:58  Roach x2  
Tags
 
Add a new tag
Caveats
  • Supply blocks, unpowered buildings, or Contaminate may cause inaccurate times.
  • Supply counts are checked every 10 seconds.